Unix NetHack Version 5.0.0-0 post-release - last build May 31 2026 23:59:36 (970b52f25bf058293b47ddfd14a1e40e571c508c,branch:main).

Game began 2026-06-05 11:41:28, ended 2026-06-05 12:10:27.

FutureTim, lawful female human Valkyrie

                ------------------    ---
                |..|.............------.----
     ----     ---....---..-----.........@..-
     |..|---- |....--           ------..(q..
     |..--..---...                    ..%%--
     --......|....                    -..--
      ----...|....                    -..
         |.----...
         |.)......
   ---   --...----
 ---.---- |....-------
--......---.-<....--.-----
|.....................--.-
|-.......--.-.............
|........--...............
--...................---.-
 |............*....---
 -----.......--...--
     --......|--.--
      --.|.--- ---
       -----
FutureTim the Skirmisher    St:18 Dx:14 Co:15 In:9 Wi:9 Ch:11  Lawful
Dlvl:5  $:66 HP:0(38) Pw:13(13) AC:4  Xp:4 T:1942 

Latest messages:
 You are still in a pit.
 You are still in a pit.
 You are still in a pit.
 You are still in a pit.
 You crawl to the edge of the pit.
 You stop.  Your little dog is in the way!
 You hear some noises in the distance.
 You hear some noises in the distance.
 You hear crashing rock.
 You see here a key.
 A dagger misses you.
 You kill the gnome!
 You see here 4 daggers.
 The gnome lord hits!
 The gnome lord hits!
 You hit the gnome lord!
 The gnome lord hits!
 You kill the gnome lord!
 Your little dog eats a gnome lord corpse.
 You see here 4 daggers.
 You see here a key.
 H - a key.
 You kill the gnome!
 You kill the gnome!
 Your little dog eats a gnome corpse.
 The gnome picks up 2 white gems.
 G - 9 darts (16 in total).
 The gnome picks up 4 daggers.
 The gnome hits!
 You hit the gnome!
 You are beginning to feel hungry.
 You hit the gnome.
 The little dog bites the gnome.
 The gnome thrusts one of her daggers at the little dog.
 The gnome hits the little dog.
 The little dog is killed!
 The gnome hits!
 You kill the gnome!
 You miss the gnome.
 You kill the gnome!
 There is a gnome corpse here; eat it? [ynq] (n) y
 This gnome corpse is tough.
 You finish eating the gnome corpse.
 The rothe hits!
 The rothe bites!
 The rothe bites again!
 The rothe hits!
 The rothe bites!
 You die...
 Do you want your possessions identified? [ynq] (y) q

Inventory:
 Coins    ('$')
  $ - 66 gold pieces
 Amulets  ('"')
  z - a cursed amulet of strangulation
 Weapons  (')')
  G - 16 +0 darts
  b - a +0 dagger (at the ready)
  a - a +1 spear (weapon in left hand)
  E - a +0 orcish short sword
 Armor    ('[')
  c - a blessed +3 small shield (being worn)
  w - an uncursed +0 robe (being worn)
 Comestibles  ('%')
  h - 2 uncursed cram rations
  d - 3 uncursed food rations
 Scrolls  ('?')
  C - a blessed scroll of amnesia
 Spellbooks  ('+')
  x - an uncursed spellbook of detect food
  u - an uncursed spellbook of extra healing
  l - an uncursed spellbook of knock
 Potions  ('!')
  q - an uncursed potion of confusion
  r - an uncursed potion of gain ability
  n - an uncursed potion of monster detection
  A - an uncursed potion of paralysis
 Rings    ('=')
  s - a cursed -1 ring of adornment
  m - a cursed -1 ring of protection
  B - a cursed ring of stealth
 Wands    ('/')
  o - a wand of light (0:13)
  v - a wand of lightning (0:7)
  g - a wand of teleportation (0:6)
 Tools    ('(')
  F - an uncursed blindfold
  e - an uncursed oil lamp
  y - an uncursed pair of lenses
  H - an uncursed skeleton key
  i - an uncursed towel

FutureTim the Valkyrie's attributes:

Background:
 You were a Skirmisher, a level 4 human Valkyrie.
 You were lawful, nominally on a mission for Tyr
 who was opposed by Odin (neutral) and Loki (chaotic).
 You were left-handed.
 You were in the Gnomish Mines, on level 5.
 You entered the dungeon 1942 turns ago.
 You had 159 experience points, 1 more was needed to attain level 5.

Basics:
 You had 0 out of 38 hit points.
 You had all 13 energy points (spell power).
 Your armor class was 4.
 Your wallet contained 66 zorkmids.
 Autopickup was off.

Final Characteristics:
 Your strength was 18 (limit:18/100).
 Your dexterity was 14 (limit:18).
 Your constitution was 15 (limit:18).
 Your intelligence was 9 (limit:18).
 Your wisdom was 9 (limit:18).
 Your charisma was 11 (limit:18).

Final Status:
 You weren't hungry.
 You were unencumbered.
 You were wielding a spear.
 You had basic skill with spear.

Final Attributes:
 You were devoutly aligned.
 You were cold resistant.
 You were stealthy.
 You were guarded.
 Your spell casting was enhanced by wearing a robe.
 You are dead.

Miscellaneous:
 You didn't encounter any bones levels.
 Total elapsed playing time was 28 minutes and 59 seconds.

Major events:
 Turn
    1: FutureTim the lawful human Valkyrie entered the dungeon
 1199: attained the rank of Skirmisher (level 3)
 1485: entered the Gnomish Mines
 1942: killed by a rothe

Spells:
 Name                 Level Category     Fail Retention
 knock                  1   matter        14%  76%-100%

Skills:
 Fighting Skills
   bare handed combat [Unskilled]
   two weapon combat  [Unskilled]
   riding             [Unskilled]
 Weapon Skills
   dagger             [Basic]
   axe                [Unskilled]
   pick-axe           [Unskilled]
   short sword        [Unskilled]
   broadsword         [Unskilled]
   long sword         [Unskilled]
   two-handed sword   [Unskilled]
   saber              [Unskilled]
   hammer             [Unskilled]
   quarterstaff       [Unskilled]
   polearms           [Unskilled]
   spear              [Basic]
   trident            [Unskilled]
   lance              [Unskilled]
   sling              [Unskilled]
 Spellcasting Skills
   attack spells      [Unskilled]
   escape spells      [Unskilled]

Voluntary challenges:
 Character rerolling was not enabled.
 You were an atheist.
 You never genocided any monsters.
 You never polymorphed an object.
 You never changed form.
 You used no wishes.
Achievements:
 You attained the rank of Skirmisher.
 You entered a shop.
 You entered the Gnomish Mines.

 The Dungeons of Doom: levels 1 to 4
    Level 1:
    Level 2:
    Level 3:
    Level 4:
       A general store, a fountain.
       Stairs down to The Gnomish Mines.
 The Gnomish Mines:
    Level 5: <- You were here.
       Final resting place for
          you, killed by a rothe.


Vanquished creatures:
  a shrieker
  3 gnome leaders
  a little dog
  a floating eye
  a homunculus
  a giant bat
  2 orc zombies
  a wererat
  3 giant rats
  8 gnomes
  a gnome zombie
  6 jackals
  a sewer rat
  6 grid bugs
  a bat
  a lichen
  3 kobold zombies
  2 newts
43 creatures vanquished.

No species were genocided or became extinct.

Game over:
                       ----------
                      /          \
                     /    REST    \
                    /      IN      \
                   /     PEACE      \
                  /                  \
                  |    FutureTim     |
                  |      66 Au       |
                  |   killed by a    |
                  |      rothe       |
                  |                  |
                  |                  |
                  |       2026       |
                 *|     *  *  *      | *
        _________)/\\_//(\/(/\)/\//\/|_)_______

Farvel FutureTim the Valkyrie...

You died in The Gnomish Mines on dungeon level 5 with 926 points,
and 66 pieces of gold, after 1942 moves.
You were level 4 with a maximum of 38 hit points when you died.

